 Dungeon Crawl Stone Soup version 0.30.1-11-g7821555f0a (webtiles) character file.

Game seed: 10620313146292308327

633 meemomeemo the Chopper (level 7, 0/61 HPs)
             Began as a Hill Orc Fighter on Nov 16, 2023.
             Was a Follower of Uskayaw.
             Slain by a gnoll sergeant
             ... wielding a +1 heavy spear
              (6 damage)
             ... on level 5 of the Dungeon.
             The game lasted 00:48:33 (4288 turns).

meemomeemo the Chopper (Hill Orc Fighter)           Turns: 4288, Time: 00:48:34

Health: 0/61       AC:  6    Str: 21    XL:     7   Next: 49%
Magic:  2/7        EV: 10    Int:  8    God:    Uskayaw [*.....]
Gold:   228        SH:  0    Dex: 10    Spells: 3/6 levels left

rFire   . . .        a - +0 war axe
rCold   . . .        (no shield)
rNeg    + . .        b - +1 scale mail
rPois   .            (no helmet)
rElec   .            (no cloak)
rCorr   .            p - +0 pair of gloves
SInv    .            (no boots)
Will    .....        (no amulet) Stlth
                     o - ring of wizardry
HPRegen 0.30/turn    r - ring of positive energy
MPRegen 0.10/turn

%: wizardry (x1)
@: about to teleport, studying Hexes
A: hooves 1, deformed body
a: Renounce Religion, Stomp


You were on level 5 of the Dungeon.
You worshipped Uskayaw.
Uskayaw was noncommittal.
You visited 1 branch of the dungeon, and saw 5 of its levels.

You collected 228 gold pieces.

Inventory:

Hand Weapons
 a - a +0 war axe (weapon)
 h - a +0 short sword
Missiles
 m - a poisoned dart
 t - 2 curare-tipped darts (quivered)
Armour
 b - a +1 scale mail (worn)
 p - a +0 pair of gloves (worn)
 s - a +0 pair of boots
 B - a +2 kite shield
Jewellery
 o - a ring of wizardry (left hand)
 r - a ring of positive energy (right hand)
Wands
 w - a wand of paralysis (11)
Scrolls
 d - a scroll of amnesia {unknown}
 e - a scroll of noise
 i - a scroll of vulnerability {unknown}
 j - 4 scrolls of identify
 l - 6 scrolls of teleportation
 u - 2 scrolls of fear
 y - a scroll of enchant weapon {unknown}
Potions
 f - a potion of invisibility
 g - a potion of mutation
 k - 2 potions of resistance
 n - a potion of berserk rage {unknown}
 q - a potion of curing {unknown}
 v - a potion of attraction {unknown}
 x - a potion of heal wounds
 z - a potion of cancellation
 A - a potion of haste {unknown}


   Skills:
 * Level 5.3 Fighting
 + Level 6.5 Axes
 - Level 0.1 Throwing
 + Level 4.8 Armour
 - Level 2.2 Dodging
 - Level 0.1 Stealth
 + Level 3.9 Shields
 * Level 1.9 Summonings


You had 3 spell levels left.
You knew the following spells:

 Your Spells              Type           Power      Damage    Failure   Level
a - Call Canine Familiar  Summ           3%         N/A       50%         3

Your spell library contained the following spells:

 Spells                   Type           Power      Damage    Failure   Level
 Portal Projectile        Hex/Tloc       0%         N/A       77%         3
 Leda's Liquefaction      Hex/Erth       0%         N/A       98%         4


Dungeon Overview and Level Annotations

Branches:
Dungeon (5/15)
 Temple: D:4-7

Altars:
Ashenzari
Elyvilon
Trog
Uskayaw

Shops:
D:5 [


Innate Abilities, Weirdness & Mutations

You have large cloven feet.
Armour fits poorly on your strangely shaped body.


Message History

The gnoll sergeant looks more healthy.
The gnoll hits you with a +0 spear.
The gnoll sergeant hits you from afar with a +1 heavy spear.
You hit the gnoll. You kick the gnoll.
The gnoll is heavily wounded.
The gnoll misses you. The gnoll hits you but does no damage.
You can now stomp with the beat.
You closely miss the gnoll. Your kick misses the gnoll.
The gnoll is heavily wounded.
You hit the gnoll. The gnoll hits you with a +0 whip.
The gnoll hits you but does no damage. The gnoll sergeant misses you.
You stomp with the beat, sending a shockwave through the revellers around you!
The gnoll is severely wounded.
The gnoll is heavily wounded.
You can no longer stomp with the beat.
The gnoll hits you with a +0 spear.
You hit the gnoll. Your kick misses the gnoll.
The gnoll is almost dead.
You hit the gnoll. The gnoll closely misses you. The gnoll barely misses you.
The gnoll sergeant hits you from afar with a +1 heavy spear.
* * * LOW HITPOINT WARNING * * *
The gnoll misses you.
You can now stomp with the beat.
As you read the scroll of teleportation, it crumbles to dust.
You feel strangely unstable. The gnoll hits you with a +0 spear.
* * * LOW HITPOINT WARNING * * *
The gnoll hits you with a +0 whip.
* * * LOW HITPOINT WARNING * * *
Unknown command.
Okay, then.
You closely miss the gnoll.
The gnoll is almost dead.
You hit the gnoll but do no damage.
The gnoll sergeant is no longer moving slowly.
The gnoll completely misses you. The gnoll sergeant barely misses you.
The gnoll hits you with a +0 whip.
* * * LOW HITPOINT WARNING * * *
The gnoll barely misses you. The gnoll hits you with a +0 whip.
* * * LOW HITPOINT WARNING * * *
The gnoll sergeant hits you with a +1 heavy spear.
You die...

♣...≈~≈...♣ #.# ♣♣.......♣♣
##'## ♣♣....(♣♣ ##)..## ♣♣.(÷♣♣
##.....## ♣♣....(♣♣ ##.....<.##
## ♣♣.......♣♣ #####.........#
.##♣...≈~≈...♣##g.g'.[.......'..
..#...≈≈~≈≈....#.###.........###
.##...~~♣~~....g@# ##.......##
......≈≈~≈≈...#.## ##.....##
.......≈~≈...##.# ##...##
###.#.......###.# ##'##
#.##.....## #.# #.#######
#......### #.# ######........
###.###### #.# #.....<...# ....#
#.# #.###......... #####
#..........


You could see a gnoll sergeant and a gnoll.

Vanquished Creatures
  An ogre (D:5)
  A phantom (D:4)
  3 hounds
  5 iguanas
  Terence (D:2)
  An orc wizard (D:4)
  A gnoll (D:5)
  7 adders
  A white imp (D:4)
  An ufetubus (D:4)
  4 worms
  2 dart slugs
  15 orcs
  7 ball pythons
  3 bats (D:2)
  5 endoplasms
  7 giant cockroaches
  9 hobgoblins
  6 quokkas
  2 frilled lizards
  8 goblins
  6 kobolds
  2 rats
98 creatures vanquished.

Notes
Turn   | Place    | Note
-------+----------+-------------------------------------------
     0 | D:1      | meemomeemo the Hill Orc Fighter began the quest for the
                  | Orb.
     0 | D:1      | Reached XP level 1. HP: 19/19 MP: 1/1
   153 | D:1      | Reached XP level 2. HP: 27/27 MP: 2/2
   577 | D:1      | Reached skill level 3 in Axes
   577 | D:1      | Reached XP level 3. HP: 31/33 MP: 3/3
  1078 | D:2      | Reached skill level 1 in Dodging
  1231 | D:2      | Reached XP level 4. HP: 40/40 MP: 4/4
  1545 | D:2      | Found a faded altar of an unknown god.
  1553 | D:2      | Prayed at the altar of an unknown god.
  1553 | D:2      | Became a worshipper of Uskayaw the Reveller
  1553 | D:2      | Reached * piety under Uskayaw
  1587 | D:2      | Noticed Terence
  1598 | D:2      | Reached ** piety under Uskayaw
  1601 | D:2      | Killed Terence
  1602 | D:2      | Reached skill level 4 in Axes
  2069 | D:3      | Reached XP level 5. HP: 43/46 MP: 5/5
  2201 | D:3      | Gained mutation: Armour fits poorly on your strangely
                  | shaped body. [potion of mutation]
  2201 | D:3      | Gained mutation: You have large cloven feet. [potion of
                  | mutation]
  2422 | D:3      | Found a broken altar of Ashenzari.
  2974 | D:4      | Reached skill level 5 in Axes
  3081 | D:4      | Reached XP level 6. HP: 50/53 MP: 6/6
  3263 | D:4      | Learned a level 3 spell: Call Canine Familiar
  3614 | D:5      | Entered Level 5 of the Dungeon
  3626 | D:5      | Reached skill level 1 in Summonings
  3682 | D:5      | Reached *** piety under Uskayaw
  3684 | D:5      | Reached skill level 6 in Axes
  3684 | D:5      | Reached XP level 7. HP: 30/60 MP: 7/7
  3868 | D:5      | Reached skill level 5 in Fighting
  3878 | D:5      | Found a white marble altar of Elyvilon.
  3921 | D:5      | Found Duinez's Armour Shoppe.
  3954 | D:5      | Found a bloodstained altar of Trog.
  4288 | D:5      | Slain by a gnoll sergeant

Illustrated notes

Levels and vault maps discovered:
D:1:      lightli_arrival_noodles, layout_basic, kennysheep_doodads,
          chequers_serial_rivers_marsh
D:2:      layout_loops_cross, basic_ecumenical_altar, grunt_decor_junction,
          minmay_hexomino_u4, uniq_terence
D:3:      layout_loops_ring, mainiacjoe_overflow_surrounded_room
D:4:      layout_loops_cross, kennysheep_windowed_goal
D:5:      layout_loops_corners, mainiacjoe_overflow_alcove_1, elyvilon_altar_3,
          serial_shops, shop, serial_park_tiny_1

Skill      XL: |  1  2  3  4  5  6  7 |
---------------+----------------------+-----
Axes           | 3 4 5 6 |  6.5
Dodging        | 1 2 |  2.2
Fighting       | 4 5 |  5.3
Armour         | 4 |  4.8
Summonings     | 1 |  1.9
Throwing       | |  0.1
Stealth        | |  0.1
Shields        | |  3.9

Action                     |  1- 3 |  4- 6 |  7- 9 || total
---------------------------+-------+-------+-------++-------
  Melee: War axe           |    97 |   225 |    20 ||   342
         Kick              |       |    34 |     6 ||    40
  Throw: Stone             |     8 |     8 |     5 ||    21
         Dart              |       |     5 |     5 ||    10
 Invoke: Stomp             |       |     3 |     2 ||     5
  Evoke: Wand              |       |       |     1 ||     1
    Use: Scroll            |     1 |     5 |     2 ||     8
         Potion            |       |     4 |       ||     4
   Stab: Paralysed         |       |     1 |       ||     1
 Armour: Scale mail        |    43 |    87 |     4 ||   134
  Dodge: Dodged            |    38 |    85 |    15 ||   138
  Block: Buckler           |    17 |    38 |     2 ||    57
